Map: Thunderbird LE

Players

allbest - Winner!

  • Race: Zerg Zerg
  • League: Silver
  • Spawn Location: 5:00

sultan

  • Race: Zerg Zerg
  • League: Bronze
  • Spawn Location: 11:00

VOD

Have the link to the VOD?

Description

Time

  • Played on: Sept. 11, 2019, 7:45 p.m.
  • Length: 3:39
Show
View Real Time Build Order
Export as new Build Order

allbest Zerg - Winner!

Build Orders: Pool First 

Get SALT Encoding   

  12  0:03  Drone  
  13  0:10  Drone  
  14  0:36  Spawning Pool  
  13  0:44  Evolution Chamber  
  13  0:48  Extractor  
  11  0:52  Extractor  
  10  1:06  Extractor  
  10  1:27  Hatchery  
  10  1:30  Zergling x6  
  12  1:45  Spine Crawler  
  11  1:50  Zergling x2  
  12  2:03  Zergling x2  
  13  2:09  Zergling x2  
  14  2:47  Zergling x2  
  15  2:58  Zergling x2  
Show
View Real Time Build Order
Export as new Build Order

sultan Zerg 

Build Orders: Pool Only 

Get SALT Encoding   

  12  0:19  Spawning Pool  
  11  0:26  Extractor  
  10  0:32  Drone x2  
  12  0:35  Drone  
  13  0:46  Overlord  
  13  1:14  Queen  
  15  1:20  Drone  
  15  1:21  Drone x2  
  18  1:28  Metabolic Boost  
  18  1:46  Drone x2  
  20  2:06  Lair  
  20  2:14  Evolution Chamber  
  20  2:15  Drone x3  
  22  2:35  Overlord  
  9  2:55  Zergling x8  
  8  3:10  Zergling x4  
Tags
 
Add a new tag
Caveats
  • Supply blocks, unpowered buildings, or Contaminate may cause inaccurate times.
  • Supply counts are checked every 10 seconds.